 Dungeon Crawl Stone Soup version 0.29.1-15-g9cfb28693d (webtiles) character file.

Game seed: 15109501928786364099

138 Ihaveafatcat the Trooper (level 5, -11/47 HPs)
             Began as a Minotaur Fighter on Mar 31, 2023.
             Killed by nerve-wracking pain
             ... invoked by an orc priest
              (13 damage)
             ... on level 4 of the Dungeon.
             The game lasted 00:05:42 (2322 turns).

Ihaveafatcat the Trooper (Minotaur Fighter)         Turns: 2322, Time: 00:05:43

Health: -11/47     AC:  7    Str: 23    XL:     5   Next: 1%
Magic:  4/4        EV:  9    Int:  5    God:
Gold:   161        SH:  4    Dex:  9    Spells: 4/4 levels left

rFire   . . .      SeeInvis .   a - +0 war axe
rCold   . . .      Faith    .   c - +0 buckler
rNeg    . . .      Spirit   .   b - +0 scale mail
rPois   .          Reflect  .   (helmet restricted)
rElec   .          Harm     .   (no cloak)
rCorr   .          Rampage  .   (no gloves)
Will    .....                   (no boots)
Stlth   ..........              (no amulet)
HPRegen 0.15/turn               (no ring)
MPRegen 0.09/turn               (no ring)

@: no status effects
A: horns 2, retaliatory headbutt
a: no special abilities


You were on level 4 of the Dungeon.
You visited 1 branch of the dungeon, and saw 4 of its levels.

You collected 161 gold pieces.

Inventory:

Hand Weapons
 a - a +0 war axe (weapon)
 f - the +4 sling "Rocy" {flame, Str+4 Stlth-}
   (You found it on level 2 of the Dungeon)

   Any ammunition fired from it burns those it strikes, dealing additional fire
   damage.
   Str:       It affects your strength (+4).
   Stlth:     It makes you less stealthy.
Armour
 b - a +0 scale mail (worn)
 c - a +0 buckler (worn)
Wands
 m - a wand of roots (7)
Scrolls
 g - a scroll of magic mapping {unknown}
 h - a scroll of identify {unknown}
 i - a scroll of vulnerability {unknown}
 j - 2 scrolls of butterflies {unknown}
 l - a scroll of enchant armour {unknown}
Potions
 d - a potion of might
 e - a potion of heal wounds {unknown}
 k - a potion of curing {unknown}


   Skills:
 + Level 4.7 Fighting
 + Level 3.8 Axes
 + Level 4.6 Armour
 + Level 4.6 Shields


You had 4 spell levels left.
You didn't know any spells.
Your spell library contained the following spells:

 Spells                   Type           Power      Damage    Failure   Level
 Call Canine Familiar     Summ           0%         N/A       99%         3
 Portal Projectile        Hex/Tloc       0%         N/A       99%         3
 Leda's Liquefaction      Hex/Erth       0%         N/A       100%        4


Dungeon Overview and Level Annotations

Branches:
Dungeon (3/15)

Altars:
Nemelex Xobeh
Wu Jian
Xom
Zin

Shops:
D:1 !


Innate Abilities, Weirdness & Mutations

You have a pair of horns on your head.
You reflexively headbutt those who attack you in melee.


Message History

An orc comes into view. It is wielding a +0 short sword.
There are monsters nearby!
The orc shouts!
The orc priest casts a cantrip, but nothing happens.
An orc priest comes into view. It is wielding a +0 hand axe.
There are monsters nearby!
You closely miss the orc priest. You barely miss the orc.
The orc priest hits you with a +3 vampiric hand axe!
The orc priest calls down the wrath of Beogh upon you.
Beogh smites you!
A goblin comes into view. It is wielding a +0 dagger.
A kobold comes into view. It is wielding a +0 dagger.
The orc hits you but does no damage.
There are monsters nearby!
You are too injured to fight recklessly!
There are monsters nearby!
You are too injured to fight recklessly!
There are monsters nearby!
There are monsters nearby!
You are too injured to fight recklessly!
You are too injured to fight recklessly!
There are monsters nearby!
You closely miss the orc priest.
The goblin shouts!
The kobold shouts!
You hit the orc. You barely miss the orc priest.
The orc priest calls down the wrath of Beogh upon you.
Beogh smites you!
* * * LOW HITPOINT WARNING * * *
The orc priest hits you with a +3 vampiric hand axe.
* * * LOW HITPOINT WARNING * * *
The orc hits you but does no damage. The orc priest hits you with a +0 mace.
* * * LOW HITPOINT WARNING * * *
The orc priest hits you with a +3 vampiric hand axe.
* * * LOW HITPOINT WARNING * * *
You barely miss the orc priest. You slash the orc!
You kill the orc!
You hit the orc priest but do no damage.
The orc priest mumbles some strange prayers to Beogh against you.
Pain shoots through your body!
You die...

. #........ .##........ #..
.#...g.o... #.........>....
#....#.........
#....#...o.....
#....#oo.......
#......@)......
####........... #......(....
#...†...K##.
############........
##.....#......#....#.
##.............####.#
#...............# #.# #
#...............###.#######.#


You could see 3 orc priests, an orc, a goblin and a kobold.

Vanquished Creatures
  An orc wizard (D:3)
  4 gnolls (D:2)
  An adder (D:3)
  A worm (D:3)
  2 dart slugs (D:1)
  5 orcs
  7 ball pythons
  4 bats (D:1)
  4 endoplasms
  3 goblins (D:1)
  6 hobgoblins
  2 jackals (D:1)
  7 kobolds
  A quokka (D:2)
  6 frilled lizards
  5 rats
59 creatures vanquished.

Vanquished Creatures (others)
  2 plants (D:3)
2 creatures vanquished.

Grand Total: 61 creatures vanquished

Notes
Turn   | Place    | Note
-------+----------+-------------------------------------------
     0 | D:1      | Ihaveafatcat the Minotaur Fighter began the quest for the
                  | Orb.
     0 | D:1      | Reached XP level 1. HP: 19/19 MP: 0/0
    82 | D:1      | Reached XP level 2. HP: 27/27 MP: 1/1
   346 | D:1      | Found Myt Mamni's Distillery.
   497 | D:1      | Reached XP level 3. HP: 26/28 MP: 2/2
  1200 | D:2      | Identified the +4 sling "Rocy" {flame, Str+4 Stlth-}
  1461 | D:2      | Reached XP level 4. HP: 24/41 MP: 3/3
  1863 | D:2      | Found a faded altar of an unknown god.
  2019 | D:3      | Found a sparkling altar of Nemelex Xobeh.
  2028 | D:3      | Found a shimmering altar of Xom.
  2028 | D:3      | Found a glowing silver altar of Zin.
  2114 | D:3      | Found an ornate altar of the Wu Jian Council.
  2266 | D:3      | Reached XP level 5. HP: 43/47 MP: 4/4
  2292 | D:3      | You fall into a shaft and drop 1 floor!
  2321 | D:4      | HP: 1/47 [orc priest/+3 vampiric hand axe (3)]
  2322 | D:4      | Killed from afar by an orc priest

Illustrated notes

Levels and vault maps discovered:
D:1:      beargit_arrival_diablo_church, layout_basic, serial_shops,
          nicolae_shop_crystal
D:2:      layout_loops_cross, hellmonk_ecumenical_altar_run_dry,
          minmay_misc_feat_tower, dreamdust_princess_corridor
D:3:      layout_loops_ring, mainiacjoe_overflow_boulevard,
          mainiacjoe_overflow_24_doors, nicolae_tso_swordbearing_angel,
          chequers_temple_overflow_statue_of_worship, serial_shops,
          nicolae_lakefront_shop
D:4:      layout_rooms

Skill      XL: |  1  2 |
---------------+-------+-----
Fighting       | 4 |  4.7
Armour         | 4 |  4.6
Shields        | 4 |  4.6
Axes           | 3 |  3.8

Action                   |  1- 3 |  4- 6 || total
-------------------------+-------+-------++-------
Melee: War axe           |    66 |    40 ||   106
       Headbutt          |     6 |     6 ||    12
Armor: Scale mail        |    32 |    17 ||    49
Dodge: Dodged            |    34 |    17 ||    51
Block: Buckler           |    15 |     6 ||    21
